 Dungeon Crawl Stone Soup version 0.29.1-2-gbd0b4ee654 (webtiles) character file.

Game seed: 10817312660086544711

30 zeram the Grave Robber (level 3, 0/31 HPs)
             Began as a Troll Necromancer on Nov 27, 2022.
             Slain by a scorpion (1 damage)
             ... on level 3 of the Dungeon.
             The game lasted 00:02:05 (1131 turns).

zeram the Grave Robber (Troll Necromancer)          Turns: 1131, Time: 00:02:06

Health: 0/31       AC:  4    Str: 16    XL:     3   Next: 5%
Magic:  3/3        EV: 10    Int: 13    God:
Gold:   78         SH:  0    Dex: 10    Spells: 3/4 levels left

rFire   + . .      SeeInvis .   j - +0 club
rCold   + . .      Faith    .   (no shield)
rNeg    . . .      Spirit   .   a - +0 robe
rPois   .          Reflect  .   (helmet restricted)
rElec   .          Harm     .   c - scarf {rC+ rF+}
rCorr   .          Rampage  .   (gloves unavailable)
Will    .....                   (boots unavailable)
Stlth   +.........              (no amulet)
HPRegen 0.90/turn               (no ring)
MPRegen 0.08/turn               (no ring)

@: lethally poisoned (0 -> -4)
A: large, unfitting armour, claws 3, regeneration 1, shaggy fur 1, tough skin 1
a: no special abilities


You were on level 3 of the Dungeon.
You visited 1 branch of the dungeon, and saw 3 of its levels.

You collected 78 gold pieces.

Inventory:

Hand Weapons
 j - a +0 club (weapon)
Armour
 a - a +0 robe (worn)
 c - a scarf of resistance (worn)
Scrolls
 d - a scroll of identify
 e - a scroll of enchant weapon {unknown}
 f - a scroll of immolation {unknown}
 h - a scroll of poison {unknown}
 i - a scroll of enchant armour {unknown}
Potions
 b - a potion of magic
 g - a potion of mutation


   Skills:
 + Level 1.9 Dodging
 + Level 1.0 Stealth
 + Level 1.2 Spellcasting
 + Level 3.9 Necromancy


You had 3 spell levels left.
You knew the following spells:

 Your Spells              Type           Power      Damage    Failure   Level
a - Necrotise             Necr           44%        1d6       5%          1

Your spell library contained the following spells:

 Spells                   Type           Power      Damage    Failure   Level
 Vampiric Draining        Necr           11%        2d6       16%         3
 Animate Dead             Necr           11%        N/A       47%         4
 Agony                    Necr           11%        N/A       83%         5


Dungeon Overview and Level Annotations

Branches:
Dungeon (3/15)

Altars:

Shops:
D:3 (

Annotations:
D:1 2 transporters


Innate Abilities, Weirdness & Mutations

You are too large for most types of armour.
You have claws for hands.
Your natural rate of healing is unusually fast.
You are covered in fur. (AC +1)
You have tough skin. (AC +1)


Message History

A hobgoblin comes into view.
The scorpion stings you.
You are poisoned.
The scorpion poisons you!
You barely miss the scorpion.
You feel very sick. The goblin hits you but does no damage.
The scorpion stings you.
You are more poisoned.
The scorpion poisons you! The goblin hits you with a +0 dagger.
The hobgoblin shouts!
You hit the scorpion.
The scorpion is lightly wounded.
You feel very sick. The scorpion stings you.
The goblin hits you but does no damage. The scorpion closely misses you.
You are too injured to fight recklessly!
You are too injured to fight recklessly!
You are too injured to fight recklessly!
You are too injured to fight recklessly!
You are too injured to fight recklessly!
You are too injured to fight recklessly!
The goblin attacks as you move away! The goblin closely misses you.
The scorpion attacks as you move away! The scorpion stings you.
You are lethally poisoned!
The scorpion poisons you!
* * * LOW HITPOINT WARNING * * *
You feel very sick.
Unknown command.
* * * LOW HITPOINT WARNING * * *
You feel very sick.
* * * LOW HITPOINT WARNING * * *
You feel very sick.
Unknown command.
As you read the scroll labelled HAMNEA CYBOCLY, it crumbles to dust.
It is a scroll of identify.
g - a potion of mutation
* * * LOW HITPOINT WARNING * * *
You feel very sick. The scorpion stings you.
You die...

#........(.....
#....>.........
#..............
#..............
.............
#...........
#########...........
#.........g.........
#.####..@s..g............
#<......#########........
#.#.....#⌠..∩..⌠#........
#.#.....#..≈≈≈..#........
#.......#.≈≈≈≈≈.#........
#####...#.≈≈≈≈≈.#........
#.....#.≈≈≈≈≈.#........
#####...#..≈≈≈..#........
#.......##.....###.......


You could see a scorpion, a hobgoblin and a goblin.

Vanquished Creatures
  3 endoplasms
  3 giant cockroaches
  4 hobgoblins (D:1)
  A kobold (D:2)
  2 quokkas
  2 ball pythons (D:1)
  4 bats
  2 frilled lizards
  3 goblins
  4 rats (D:1)
28 creatures vanquished.

Notes
Turn   | Place    | Note
-------+----------+-------------------------------------------
     0 | D:1      | zeram the Troll Necromancer began the quest for the Orb.
     0 | D:1      | Reached XP level 1. HP: 16/16 MP: 1/1
    53 | D:1      | Found a faded altar of an unknown god.
   155 | D:1      | Reached XP level 2. HP: 20/24 MP: 2/2
  1036 | D:3      | Reached XP level 3. HP: 31/31 MP: 3/3
  1072 | D:3      | Found Nooggeus's Antique Weapon Shoppe.
  1120 | D:3      | Noticed a scorpion
  1131 | D:3      | HP: 1/31 [poisoned by a scorpion]
  1131 | D:3      | Slain by a scorpion

Illustrated notes

Levels and vault maps discovered:
D:1:      spicycebolla_arrival_transporter_tutorial, layout_basic,
          chequers_ecumenical_altar_island
D:2:      layout_rooms, serial_glass, glass_columns_b, glass_columns_a
D:3:      minmay_goblin_kobold_castle, layout_basic, nzn_hepliaklqana_mist_gate,
          serial_shops, nicolae_lakefront_shop, uniq_crazy_yiuf_cottage

Action                   || total
-------------------------++-------
Melee: Unarmed           ||    89
       Punch             ||     2
       Club              ||    11
 Cast: Necrotise         ||     1
  Use: Scroll            ||     2
 Stab: Sleeping          ||     2
Armor: Robe              ||    55
Dodge: Dodged            ||    78
